 Dungeon Crawl Stone Soup version 0.18.1-47-g9310371 (webtiles) character file.

24 GordonOverkill the Chopper (level 3, -15/29 HPs)
             Began as a Formicid Abyssal Knight on June 13, 2016.
             Was a Follower of Lugonu.
             Engulfed by a cloud of flame (22 damage)
             ... on level 1 of the Dungeon.
             The game lasted 00:02:12 (710 turns).

GordonOverkill the Chopper (Formicid Abyssal Knight) Turns: 710, Time: 00:02:13

Health: -15/29     AC:  6    Str: 17    XL:     3   Next: 15%
Magic:  4/4        EV:  9    Int:  9    God:    Lugonu [*.....]
Gold:   76         SH:  0    Dex: 10    Spells: 0 memorised, 2 levels left

rFire  . . .     SeeInvis +     a - +1 hand axe
rCold  . . .     Gourm    .     j - +0 scale mail
rNeg   . . .     Faith    .     (no shield)
rPois  .         Spirit   .     (helmet unavailable)
rElec  .         Dismiss  .     (no cloak)
rCorr  .         Reflect  .     (no gloves)
SustAt .         Harm     .     (no boots)
MR     .....                    (no amulet)
Stlth  ..........               (no ring)
                                b - -2 ring of intelligence (curse)

@: not resistant to hostile enchantments, extremely unstealthy
A: permanent stasis, dig shafts and tunnels, four strong arms, antennae 3
a: Dig, Shaft Self, Depart the Abyss, Renounce Religion


You were on level 1 of the Dungeon.
You worshipped Lugonu.
Lugonu was aware of your devotion.
You were not hungry.

You visited 1 branch of the dungeon, and saw 1 of its levels.
You visited the Abyss 1 time.

You collected 76 gold pieces.

Inventory:

Hand Weapons
 a - a +1 hand axe (weapon)
Armour
 j - a +0 scale mail (worn)
Jewellery
 b - a cursed -2 ring of intelligence (left hand)
 l - a +2 ring of intelligence
Scrolls
 e - a scroll of fog {unknown}
 i - a scroll of identify {unknown}
 k - 2 scrolls of teleportation {unknown}
 m - a scroll of remove curse {unknown}
Potions
 d - a potion of cancellation {unknown}
 g - a potion of brilliance {unknown}
 n - a potion of haste {unknown}
Comestibles
 c - 2 bread rations
 h - 2 meat rations


   Skills:
 - Level 3.2 Fighting
 + Level 3.4 Axes
 - Level 2.1 Armour
 - Level 0.8 Dodging
 - Level 2.1 Invocations


You had 2 spell levels left.
You didn't know any spells.

Dungeon Overview and Level Annotations

Branches:
Dungeon (1/15)

Altars:


Innate Abilities, Weirdness & Mutations

You are under a permanent stasis effect.
You can dig through walls and to a lower floor.
Your four strong arms can wield two-handed weapons with a shield.
You have a pair of large antennae on your head (SInv).


Message History

Some of the chunks of flesh in your inventory have rotted away.
k - 2 scrolls labeled QUPTIS QITSEI (gained 1)
n - a coppery potion
There is an open door here.
There is an open door here.
Found a glowing dagger.
Really walk into a travel-excluded area?
Okay, then.
Really walk into a travel-excluded area?
Found 14 gold pieces.
You start waiting.
Some of the chunks of flesh in your inventory have rotted away.
All of the chunks of flesh in your inventory have rotted away.
Done waiting.
You are engulfed in roaring flames.
You are engulfed in roaring flames.
* * * LOW HITPOINT WARNING * * *
You are engulfed in roaring flames.
Ouch! That really hurt!
You die...

.....###.......#....#............
###### #.....#####...#####)......
# #.....# #§§§# #....... #.....#
#§§§# ##...... #####.# #§§§#
#...... #.#####...### #..>...
#..§§§.$$..§§ ........
#..§§§...$.§§§..######
##.§§@..$$.§§§.. ######...#####.
§§# #. §# #


There were no monsters in sight!

Vanquished Creatures
  A dart slug (D:1)
  A giant gecko (D:1)
  4 bats (D:1)
  4 goblins (D:1)
  2 hobgoblins (D:1)
  3 jackals (D:1)
  A ball python (D:1)
  A giant newt (D:1)
  A rat (D:1)
18 creatures vanquished.

Vanquished Creatures (others)
  A gnoll (D:1)
  A goblin (D:1)
2 creatures vanquished.

Grand Total: 20 creatures vanquished

Notes
Turn   | Place    | Note
--------------------------------------------------------------
     0 | Abyss:1  | GordonOverkill the Formicid Abyssal Knight began the quest for the Orb.
     0 | Abyss:1  | Reached XP level 1. HP: 18/18 MP: 2/2
     4 | Abyss:1  | Found a corrupted altar of Lugonu.
    29 | Abyss:1  | Noticed an efreet
    31 | D:1      | Escaped the Abyss
   132 | D:1      | Reached XP level 2. HP: 24/24 MP: 3/3
   303 | D:1      | Reached * piety under Lugonu
   416 | D:1      | Reached XP level 3. HP: 27/29 MP: 4/4
   710 | D:1      | Engulfed by a cloud of flame

Skill      XL: |  1  2 |
---------------+-------+-----
Axes           | 3 |  3.4
Fighting       | |  3.2
Armour         | |  2.1
Dodging        | |  0.8
Invocations    | |  2.1

Action                   || total
-------------------------++-------
Melee: Hand axe          ||    58
Invok: Depart the Abyss  ||     1
Armor: Leather armour    ||    11
       Scale mail        ||    17
Dodge: Dodged            ||    33
